 Dungeon Crawl Stone Soup version 0.19.5 (webtiles) character file.

33 Glargath the Magician (level 3, 0/28 HPs)
             Began as a Draconian Wizard on Mar 26, 2017.
             Succumbed to an adder's poison
             ... on level 2 of the Dungeon.
             The game lasted 00:20:37 (2094 turns).

Glargath the Magician (Draconian Wizard)            Turns: 2094, Time: 00:20:37

Health: 0/28       AC:  5    Str:  9    XL:     3   Next: 12%
Magic:  8/8        EV: 12    Int: 19    God:
Gold:   13         SH:  0    Dex:  9    Spells: 1 memorised, 8 levels left

rFire  . . .     SeeInvis .     g - -3 hunting sling (curse)
rCold  . . .     Gourm    .     (armour unavailable)
rNeg   . . .     Faith    .     (no shield)
rPois  .         Spirit   .     a - +0 hat
rElec  .         Reflect  .     (no cloak)
rCorr  .         Harm     .     (no gloves)
MR     .....                    (no boots)
Stlth  ++........               (no amulet)
                                (no ring)
                                (no ring)

@: lethally poisoned (0 -> -4)
A: unfitting armour, cold-blooded, AC +5
a: no special abilities


You were on level 2 of the Dungeon.
You were not hungry.

You visited 1 branch of the dungeon, and saw 2 of its levels.

You collected 13 gold pieces.

Inventory:

Hand Weapons
 g - a cursed -3 hunting sling (weapon)
 h - a +0 dagger
 j - a cursed -3 dagger
 l - a +0 dagger
 p - a +0 mace
 r - a +0 hunting sling
Missiles
 d - 40 stones (quivered)
 e - 32 arrows
Armour
 a - a +0 hat (worn)
Scrolls
 m - a scroll of noise
Potions
 f - a potion of heal wounds {unknown}
 n - a potion of cancellation {unknown}
 o - a potion of haste {unknown}
 q - a potion of brilliance {unknown}
Books
 b - a book of Minor Magic

   Spells                             Type                      Level
   a - Magic Dart                     Conjuration                  1
   b - Blink                          Translocation                2
   c - Call Imp                       Summoning                    2
   d - Repel Missiles                 Charms/Air                   2
   e - Slow                           Hexes                        2
   f - Conjure Flame                  Conjuration/Fire             3
   g - Mephitic Cloud                 Conjuration/Poison/Air       3
Comestibles
 c - 2 bread rations


   Skills:
 * Level 1.0 Fighting
 + Level 1.0 Slings
 + Level 1.8 Dodging
 + Level 1.7 Stealth
 * Level 3.5 Spellcasting
 + Level 1.2 Conjurations
   Level 1.0 Summonings
   Level 1.0 Translocations


You had 8 spell levels left.
You knew the following spells:

 Your Spells              Type           Power        Failure   Level  Hunger
a - Magic Dart            Conj           #...         10%         1    None


Dungeon Overview and Level Annotations

Branches:
Dungeon (2/15)

Altars:


Innate Abilities, Weirdness & Mutations

Your plain brown scales are hard. (AC +5)
You cannot fit into any form of body armour.
You are cold-blooded and may be slowed by cold attacks.


Message History

You are no longer poisoned.
The adder bites you but does no damage.
Casting: Magic Dart
Confirm with . or Enter, or press ? or * to list all spells.
Aiming: Magic Dart
Press: ? - help, Shift-Dir - straight line, f/p - adder
Aim: an adder (severely wounded)
The magic dart hits the adder.
The adder is almost dead.
The adder bites you.
* * * LOW HITPOINT WARNING * * *
The adder closely misses you. The adder bites you but does no damage.
The adder closely misses you. The adder bites you but does no damage.
The adder bites you.
* * * LOW HITPOINT WARNING * * *
You are lethally poisoned!
The adder poisons you!
You die...

... ..# #.# #.#
#<# #.# #.# #.#
#@# #.# #S# #.#
#.# #.# #.# #.#
################.#


You could see an adder.

Vanquished Creatures
  An adder (D:2)
  2 leopard geckos (D:1)
  2 giant cockroaches (D:1)
  9 goblins
  A hobgoblin (D:1)
  A bat (D:2)
  2 frilled lizards (D:1)
  3 rats (D:1)
21 creatures vanquished.

Notes
Turn   | Place    | Note
-------+----------+-------------------------------------------
     0 | D:1      | Glargath the Draconian Wizard began the quest for the Orb.
     0 | D:1      | Reached XP level 1. HP: 14/14 MP: 4/4
  1026 | D:1      | Reached XP level 2. HP: 20/20 MP: 4/6
  1814 | D:2      | Reached skill level 1 in Fighting
  1814 | D:2      | Reached skill level 1 in Slings
  1814 | D:2      | Reached XP level 3. HP: 11/28 MP: 8/8
  2078 | D:2      | HP: 1/28 [adder (5)]
  2093 | D:2      | HP: 1/28 [adder (2)]
  2094 | D:2      | Succumbed to an adder's poison

Skill      XL: |  1  2 |
---------------+-------+-----
Fighting       | 1 |  1.0
Slings         | 1 |  1.0
Dodging        | |  1.8
Stealth        | |  1.7
Spellcasting   | |  3.5
Conjurations   | |  1.2
Summonings     | |  1.0
Translocations | |  1.0

Action                   || total
-------------------------++-------
Melee: Unarmed           ||    22
       Tailslap          ||     1
 Fire: Hunting sling     ||    92
 Cast: Magic Dart        ||    28
  Use: Scroll            ||     2
  Eat: Meat ration       ||     1
Armor: Skin              ||    35
Dodge: Dodged            ||    68
